 Dungeon Crawl Stone Soup version 0.17-a0-1804-gf6433eb (webtiles) character file.

64 Medved the Sneak (level 3, 0/29 HPs)
             Began as a Demigod Assassin on Sept 11, 2015.
             Slain by a hobgoblin
             ... wielding a cursed -3 club
              (1 damage)
             ... on level 2 of the Dungeon.
             The game lasted 00:03:51 (1515 turns).

Medved the Sneak (Demigod Assassin)                 Turns: 1515, Time: 00:03:51

Health: 0/29       AC:  3    Str: 16    XL:     3   Next: 64%
Magic:  5/5        EV: 12    Int: 15    God:
Gold:   69         SH:  0    Dex: 17    Spells: 0 memorised, 2 levels left

rFire  . . .     SeeInvis .     a - +2 dagger
rCold  . . .     Clarity  .     c - +0 robe
rNeg   . . .     SustAt   +     (no shield)
rPois  .         Gourm    .     (no helmet)
rElec  .         Spirit   .     d - +0 cloak
rCorr  .         Warding  .     (no gloves)
rMut   .         Stasis   .     (no boots)
MR     .....                    (no amulet)
Stlth  +++.......               (no ring)
                                (no ring)

@: lethally poisoned (0 -> -3), not resistant to hostile enchantments, fairly
stealthy
A: high mp 1, sustain attributes
a: no special abilities


You were on level 2 of the Dungeon.
You were not hungry.

You visited 1 branch of the dungeon, and saw 2 of its levels.

You collected 69 gold pieces.

Inventory:

Hand weapons
 a - a +2 dagger (weapon)
 b - a +0 blowgun
Missiles
 e - 8 poisoned needles
 f - 2 curare-tipped needles
Armour
 c - a +0 robe (worn)
 d - a +0 cloak (worn)
 p - a +0 cloak
Jewellery
 i - an uncursed amulet of guardian spirit {unknown}
 m - an uncursed ring of wizardry {unknown}
Scrolls
 h - 2 scrolls of immolation {unknown}
 j - a scroll of fog {unknown}
 n - a scroll of amnesia {unknown}
 o - 2 scrolls of identify {unknown}
 q - a scroll of remove curse {unknown}
 s - a scroll of magic mapping {unknown}
Potions
 k - a potion of heal wounds {unknown}
 r - a potion of lignification {unknown}
Comestibles
 g - 2 bread rations
 l - a chunk of flesh


   Skills:
 + Level 1.7 Fighting
 * Level 2.1 Short Blades
 - Level 1.7 Throwing
 + Level 1.6 Dodging
 * Level 4.8 Stealth


You had 2 spell levels left.
You didn't know any spells.

Dungeon Overview and Level Annotations

Branches:
Dungeon (2/15)


Innate Abilities, Weirdness & Mutations

You have an increased reservoir of magic (+10% MP).
Your attributes are resistant to harm.


Message History

The adder bites you.
You are poisoned.
The adder poisons you!
You see here a stone.
You hit the adder.
You kill the adder!
You feel sick. The hobgoblin barely misses you.
The hobgoblin barely misses you. The hobgoblin hits you with a club.
* * * LOW HITPOINT WARNING * * *
The giant newt bites you.
* * * LOW HITPOINT WARNING * * *
The hobgoblin barely misses you.
You see here an adder corpse.
You barely miss the hobgoblin.
The hobgoblin is lightly wounded.
The hobgoblin hits you with a club.
* * * LOW HITPOINT WARNING * * *
The giant newt closely misses you. The hobgoblin hits you with a club.
You die...

#.)...........##.........####
##...##<###.#.##............#
##.#...# #.#.#####.###......
###.### #...# #.# #..##.# #.#
##..# ###.###..##.# #.#
####..###........##.. #.#
#................##.#
...>..##..#.....###..####
#.######@(#.....# #..(##.
#......lggK.....# #..#...
#####.#.##.....###..##..
...... .....#....#.#_
#.##.#.# .##.....(...# #
#.#.# .###....(#### . #.. #
#......... ## #.# ##...##...
#. ##.###...


You could see 2 hobgoblins, a kobold and a giant newt.

Vanquished Creatures
  2 adders (D:2)
  An ooze (D:1)
  A giant gecko (D:1)
  3 orcs (D:2)
  A ball python (D:1)
  A bat (D:2)
  7 goblins
  4 hobgoblins
  A jackal (D:1)
  8 kobolds
  2 giant newts
  2 rats
33 creatures vanquished.

Notes
Turn   | Place    | Note
--------------------------------------------------------------
     0 | D:1      | Medved the Demigod Assassin began the quest for the Orb.
     0 | D:1      | Reached XP level 1. HP: 17/17 MP: 3/3
   278 | D:1      | Reached skill level 4 in Stealth
   352 | D:1      | Reached XP level 2. HP: 21/24 MP: 4/4
   419 | D:1      | Reached skill level 1 in Dodging
   845 | D:2      | Reached XP level 3. HP: 22/29 MP: 5/5
   984 | D:2      | Found a sparkling altar of Nemelex Xobeh.
   984 | D:2      | Found a blossoming altar of Fedhas.
   984 | D:2      | Found a deep blue altar of Sif Muna.
   989 | D:2      | HP: 1/29 [adder (4)]
  1402 | D:2      | Found a stormy altar of Qazlal.
  1515 | D:2      | HP: 1/29 [hobgoblin/club (5)]
  1515 | D:2      | Slain by a hobgoblin

Vault maps used:
D:1:      sevenhm_arrival_forest_fort_large_2
D:2:      gammafunk_temple_overflow_forgotten, grunt_qazlal_sundering,
          old_standard_altar, first_bread, guppyfry_early_orc_mine

Action                   || total
-------------------------++-------
Melee: Dagger            ||   141
  Use: Potion            ||     1
 Stab: Sleeping          ||     3
  Eat: Chunk             ||     2
